 Dungeon Crawl Stone Soup version 0.27-a0-333-gfa571bf19a (webtiles) character file.

Game seed: 11401277628560110736

91 timneilson the Covered (level 4, -1/28 HPs)
             Began as a Gargoyle Fighter on Feb 12, 2021.
             Splashed by a jelly's acid (7 damage)
             ... on level 2 of the Dungeon.
             The game lasted 00:02:19 (1299 turns).

timneilson the Covered (Gargoyle Fighter)           Turns: 1299, Time: 00:02:21

Health: -1/28      AC:  7    Str: 20    XL:     4   Next: 59%
Magic:  4/4        EV:  7    Int:  9    God:
Gold:   120        SH:  9    Dex:  9    Spells: 3/3 levels left

rFire    . . .     SeeInvis .   a - +0 long sword
rCold    . . .     Faith    .   c - +0 kite shield
rNeg     + . .     Spirit   .   b - +0 scale mail
rPois    ∞         Reflect  .   d - +0 helmet
rElec    +         Harm     .   (no cloak)
rCorr    .         Rampage  .   (no gloves)
Will     .....                  (no boots)
Stlth    ..........             (no amulet)
HPRegen  0.09/turn              (no ring)
MPRegen  0.09/turn              (no ring)

@: corroded
A: negative energy resistance 1, electricity resistance, unbreathing,
petrification resistance, miasma immunity, AC +3
a: no special abilities


You were on level 2 of the Dungeon.
You visited 1 branch of the dungeon, and saw 2 of its levels.

You collected 120 gold pieces.

Inventory:

Hand Weapons
 a - a +0 long sword (weapon)
Armour
 b - a +0 scale mail (worn)
 c - a +0 kite shield (worn)
 d - a +0 helmet (worn)
Scrolls
 h - a scroll of fear {unknown}
 i - a scroll of identify {unknown}
 k - a scroll of immolation {unknown}
 m - a scroll of random uselessness {unknown}
Potions
 e - a potion of curing
 f - 2 potions of attraction {unknown}
 g - a potion of flight {unknown}
 j - a potion of haste {unknown}
 l - a potion of magic {unknown}


   Skills:
 + Level 3.6 Fighting
 * Level 2.7 Long Blades
 * Level 4.1 Armour
 * Level 4.1 Shields


You had 3 spell levels left.
You didn't know any spells.
Your spell library was empty.

Dungeon Overview and Level Annotations

Branches:
Dungeon (2/15)

Altars:

Annotations:
D:2 1 runed translucent door, Crazy Yiuf


Innate Abilities, Weirdness & Mutations

You are resistant to torment.
Your stone body is resilient. (AC +3)
You are immune to poison.
You resist negative energy. (rN+)
You are resistant to electric shocks. (rElec)
You can survive without breathing.
You are immune to petrification.
You are immune to miasma.


Message History

The ooze hits you but does no damage.
Your shield prevents you from hitting the ooze.
The ooze is almost dead.
The ooze hits you but does no damage.
You hit the ooze.
The ooze is almost dead.
A nearby fungus withers and dies.
The ooze hits you. The ooze hits you but does no damage.
You hit the ooze but do no damage.
The ooze is almost dead.
You block the ooze's attack.
You hit the ooze.
You kill the ooze!
The ooze hits you but does no damage.
You hit the ooze.
The ooze is moderately wounded.
The ooze hits you but does no damage.
You slash the ooze!
You kill the ooze!
The ooze closely misses you.
The ooze quivers.
You hit the ooze.
The ooze is heavily wounded.
You block the ooze's attack.
You slash the ooze!
You kill the ooze!
You block the jelly's attack.
It was a potion of curing.
You feel better. The jelly hits you but does no damage.
You hit the jelly.
Your hands burn!
The jelly is lightly wounded.
The jelly hits you but does no damage.
You hit the jelly.
Your hands burn!
The jelly is moderately wounded.
The jelly hits you. The acid corrodes you!
You are splashed with acid!
* * * LOW HITPOINT WARNING * * *
The jelly hits you.
* * * LOW HITPOINT WARNING * * *
You are splashed with acid!
You die...

........####.....###.#######.....
.........##.......##.# ##....
.........##.......#### #.#.#
.....#..###......[# ##.#.#
.....#..# #.......# ###..#.#
........# ####....# ##...#..#
........###..'....# #..###.##
........##.######## ##.......#
........###..†..@## ##........#
#..###.## #######J# #.........#
#......## .J÷...÷J.####.........#
..####..# .J..÷J...##..>.........
### #.## .J.÷.....##.........###
######.## .J.P.J.P.##.......###
).).....# .P.P÷J...##.......#
######.## ?....P...##.......#
.#####.# ###########......###


You could see 2 jellies.

Vanquished Creatures
  Robin (D:2)
  7 oozes (D:2)
  A dart slug (D:1)
  4 leopard geckos
  A giant cockroach (D:2)
  14 goblins
  10 kobolds
  4 bats
  2 rats
44 creatures vanquished.

Vanquished Creatures (others)
  4 fungi (D:2)
  2 plants (D:2)
  8 toadstools (D:2)
14 creatures vanquished.

Grand Total: 58 creatures vanquished

Notes
Turn   | Place    | Note
-------+----------+-------------------------------------------
     0 | D:1      | timneilson the Gargoyle Fighter began the quest for the
                  | Orb.
     0 | D:1      | Reached XP level 1. HP: 14/14 MP: 1/1
   245 | D:1      | Reached XP level 2. HP: 19/19 MP: 2/2
   870 | D:2      | Found a runed translucent door.
   871 | D:2      | Noticed Crazy Yiuf
   939 | D:2      | Noticed Robin
   946 | D:2      | Reached XP level 3. HP: 23/23 MP: 3/3
   973 | D:2      | Killed Robin
  1217 | D:2      | Reached XP level 4. HP: 26/28 MP: 4/4
  1299 | D:2      | Splashed by a jelly's acid

Illustrated notes

Levels and vault maps discovered:
D:1:      psy_arrival_basics, layout_rooms
D:2:      cheibrodos_fertilizer, layout_rooms, serial_forest,
          infiniplex_forest_clump_medium, infiniplex_forest_straight_1,
          infiniplex_forest_clump_curved, infiniplex_forest_straight_2,
          uniq_robin, uniq_crazy_yiuf_cottage

Skill      XL: |  1  2  3  4 |
---------------+-------------+-----
Long Blades    | 2 |  2.7
Armour         | 4 |  4.1
Shields        | 4 |  4.1
Fighting       | |  3.6

Action                   |  1- 3 |  4- 6 || total
-------------------------+-------+-------++-------
Melee: Long sword        |    88 |    38 ||   126
  Use: Scroll            |     1 |       ||     1
       Potion            |     1 |     1 ||     2
Armor: Scale mail        |    51 |    20 ||    71
Dodge: Dodged            |    22 |     6 ||    28
Block: Kite shield       |    47 |    18 ||    65
       Rpst.: Long sword |     4 |     1 ||     5

Table legend: (Time is in decaauts)
 A = Elapsed time spent in this place.
 B = Non-inter-level travel time spent in this place.
 C = Inter-level travel time spent in this place.
 D = Time resting spent in this place.
 E = Time spent auto-exploring this place.
 F = Levels seen in this place.
 G = Mean time per level.
                   A        B        C        D        E       F      G
               +--------+--------+--------+--------+--------+-----+--------+
         Total |   1362 |   1329 |     33 |      0 |   1032 |   2 |  681.0 |
       Dungeon |   1362 |   1329 |     33 |      0 |   1032 |   2 |  681.0 |
               +--------+--------+--------+--------+--------+-----+--------+

Top non-repeatable levels by time:
     D:2: 690 daAuts
     D:1: 672 daAuts
